 Dungeon Crawl Stone Soup version 0.21-a0-442-g848f44b (webtiles) character file.

1299 tof the Twirler (level 8, -8/61 HPs)
             Began as a Demonspawn Gladiator on Nov 12, 2017.
             Mangled by an orc warrior
             ... wielding a +0 war axe
              (14 damage)
             ... on level 7 of the Dungeon.
             The game lasted 00:12:47 (6227 turns).

tof the Twirler (Demonspawn Gladiator)              Turns: 6227, Time: 00:12:48

Health: -8/61      AC: 13    Str: 14    XL:     8   Next: 31%
Magic:  8/8        EV: 15    Int: 10    God:
Gold:   142        SH:  4    Dex: 17    Spells: 7/7 levels left

rFire    + . .     SeeInvis .   E - +4 spear (curse)
rCold    . . .     Gourm    .   (no shield)
rNeg     . . .     Faith    .   b - +0 leather armour
rPois    .         Spirit   .   c - +0 helmet
rElec    .         Reflect  .   s - +0 cloak
rCorr    .         Harm     .   l - +1 pair of gloves
MR       .....                  G - +2 pair of boots
Stlth    +++.......             (no amulet)
HPRegen  0.20/turn              F - +2 ring of protection
MPRegen  0.11/turn              (no ring)

@: no status effects
A: large bone plates 1, fire resistance 1, nightstalker 2
a: no special abilities


You were on level 7 of the Dungeon.
You were near starving.

You visited 1 branch of the dungeon, and saw 7 of its levels.

You collected 302 gold pieces.
You spent 160 gold pieces at shops.

Inventory:

Hand Weapons
 a - a +0 quarterstaff
 E - a cursed +4 spear (weapon)
Missiles
 d - a throwing net
 m - 2 tomahawks
 H - 3 javelins (quivered)
Armour
 b - a +0 leather armour (worn)
 c - a +0 helmet (worn)
 l - a +1 pair of gloves (worn)
 s - a +0 cloak (worn)
 G - a +2 pair of boots (worn)
Jewellery
 F - a +2 ring of protection (left hand)
Scrolls
 k - 3 scrolls of fear
 n - 7 scrolls of remove curse
 o - 2 scrolls of enchant weapon
 p - 2 scrolls of enchant armour
 q - 2 scrolls of magic mapping
 r - 5 scrolls of teleportation
 t - a scroll of amnesia
 y - 2 scrolls of immolation
 z - a scroll of recharging
 B - a scroll of identify
Potions
 e - 8 potions of curing
 g - 2 potions of mutation {unknown}
 h - 3 potions of heal wounds {unknown}
 i - 2 potions of lignification {unknown}
 j - 2 potions of haste {unknown}
 u - 2 potions of ambrosia {unknown}
 w - a potion of magic {unknown}
 A - a potion of resistance
 D - a potion of brilliance
 I - a potion of berserk rage {unknown}
Comestibles
 f - 4 bread rations
 v - 2 royal jellies
 x - 12 fruits
 C - 4 meat rations


   Skills:
 + Level 4.8 Fighting
 * Level 6.4 Staves
 - Level 1.7 Throwing
 + Level 3.8 Armour
 + Level 4.9 Dodging


You had 7 spell levels left.
You didn't know any spells.

Dungeon Overview and Level Annotations

Branches:
Dungeon (7/15)
 Temple: D:4-7

Altars:
Ashenzari
Dithmenos
Elyvilon
Nemelex Xobeh
Ru
Sif Muna
Uskayaw
Vehumet

Shops:
D:4 !   D:7 (

Annotations:
D:4 AsandaNima's ghost, amateur MiFi


Innate Abilities, Weirdness & Mutations

You are partially covered in large bone plates. (SH +4)
Your flesh is heat resistant. (rF+)
You are significantly more attuned to the shadows.


Message History

You miss something.
The orc priest hits you but does no damage.
The orc wizard completely misses you.
You hear some strange, mumbled words.
A magic dart appears from out of thin air!
The magic dart hits you! The orc completely misses you.
The orc warrior barely misses you. The orc hits you.
* * * LOW HITPOINT WARNING * * *
You miss something. The orc priest barely misses you.
Something hits you but does no damage.
The orc wizard hits you but does no damage.
The orc completely misses you. You block the orc's attack.
The orc warrior closely misses you.
You barely miss something. The orc priest closely misses you.
The orc wizard hits you but does no damage.
Something barely misses you. The orc misses you.
The orc hits you but does no damage.
You completely miss something.
The orc warrior hits you with a war axe!
You die...

##......##.......#
#................#
#................#
#................#
#................#
......####..##...#
#. #######
#####...##...
#..o......
#..o@o....
.'..o{o....
.#.........
#.........
##...##$.. #...#
...


You could see an orc warrior, an orc priest, an orc wizard and 2 orcs.

Vanquished Creatures
  A black bear (D:6)
  A phantom (D:6)
  An ogre (D:5)
  A big kobold (D:7)
  2 bullfrogs (D:6)
  A wyvern zombie (D:7)
  A wyvern skeleton (D:7)
  3 wights (D:6)
  2 howler monkeys
  A crimson imp (D:5)
  2 hounds (D:6)
  An orc priest (D:4)
  A bullfrog skeleton (D:4)
  4 worker ants
  3 orc wizards
  A worker ant zombie (D:7)
  8 adders
  An ooze (D:6)
  2 adder skeletons
  4 dart slugs
  6 leopard geckos
  16 orcs
  10 bats
  5 giant cockroaches
  6 goblins
  3 hobgoblins
  7 jackals
  2 quokkas
  11 frilled lizards
  2 jackal skeletons
  8 kobolds
  3 leopard gecko skeletons
  A quokka skeleton (D:4)
  4 rats
125 creatures vanquished.

Notes
Turn   | Place    | Note
-------+----------+-------------------------------------------
     0 | D:1      | tof the Demonspawn Gladiator began the quest for the Orb.
     0 | D:1      | Reached XP level 1. HP: 16/16 MP: 1/1
   149 | D:1      | Gained mutation: Your flesh is heat resistant. (rF+) [demonic ancestry]
   149 | D:1      | Reached XP level 2. HP: 22/22 MP: 2/2
   178 | D:1      | Reached skill level 3 in Staves
   486 | D:1      | Gained mutation: You are partially covered in large bone plates. (SH +4) [demonic ancestry]
   486 | D:1      | Reached XP level 3. HP: 28/28 MP: 3/3
   646 | D:1      | Reached skill level 1 in Armour
  2024 | D:2      | Reached XP level 4. HP: 34/34 MP: 4/4
  2224 | D:3      | Found a sacrificial altar of Ru.
  2444 | D:3      | Found a shattered altar of Ashenzari.
  2551 | D:3      | Found a deep blue altar of Sif Muna.
  2552 | D:3      | Found a white marble altar of Elyvilon.
  2676 | D:4      | Reached XP level 5. HP: 29/40 MP: 5/5
  2688 | D:4      | Reached skill level 4 in Staves
  3118 | D:4      | Found a radiant altar of Vehumet.
  3139 | D:4      | Found a sparkling altar of Nemelex Xobeh.
  3196 | D:4      | Reached XP level 6. HP: 19/47 MP: 6/6
  3474 | D:4      | Found Ineutako's Distillery.
  3481 | D:4      | Bought a potion of curing for 30 gold pieces
  3481 | D:4      | Bought a potion of resistance for 100 gold pieces
  3481 | D:4      | Bought a potion of curing for 30 gold pieces
  3597 | D:4      | Noticed AsandaNima's ghost (amateur MiFi)
  3631 | D:5      | Entered Level 5 of the Dungeon
  3787 | D:5      | Found a hide-covered altar of Uskayaw.
  3820 | D:5      | Reached skill level 5 in Staves
  3963 | D:5      | Gained mutation: You are slightly more attuned to the shadows. [demonic ancestry]
  3963 | D:5      | Reached XP level 7. HP: 39/53 MP: 7/7
  4840 | D:6      | Found a shadowy altar of Dithmenos.
  5511 | D:6      | Reached skill level 6 in Staves
  5560 | D:6      | Gained mutation: You are significantly more attuned to the shadows. [demonic ancestry]
  5560 | D:6      | Reached XP level 8. HP: 61/61 MP: 8/8
  6161 | D:7      | Found Taop's Antique Weapon Shoppe.
  6227 | D:7      | Mangled by an orc warrior

Vault maps used:
D:1:      roderic_crop_circles_arrival_small, hangedman_decor_diamond_cutter
D:2:      lemuel_upstairs_altar, minmay_lizard_king
D:3:      cheibrodos_ashenzari_chains, overflow_temple_1_default,
          gammafunk_temple_overflow_pools
D:4:      lemuel_round_altar, nemelex_xobeh_ov_fountains_minmay, first_bread,
          serial_shops, kennysheep_mini, shop, shop
D:5:      kennysheep_mini_moat
D:6:      grunt_dithmenos_smoke_and_mirrors
D:7:      temple_fountains, serial_shops, nicolae_shop_waterfront

Skill      XL: |  1  2  3  4  5  6  7 |
---------------+----------------------+-----
Staves         | 3 4 5 6 |  6.4
Dodging        | 3 4 |  4.9
Armour         | 1 2 3 |  3.8
Fighting       | 3 4 |  4.8
Throwing       | |  1.7

Action                   |  1- 3 |  4- 6 |  7- 9 || total
-------------------------+-------+-------+-------++-------
Melee: Quarterstaff      |   152 |   197 |   107 ||   456
       Spear             |       |       |   104 ||   104
Throw: Tomahawk          |       |     8 |     4 ||    12
       Throwing net      |       |     2 |     2 ||     4
  Use: Scroll            |       |     7 |     3 ||    10
 Stab: Sleeping          |     2 |       |     4 ||     6
       Held in net/web   |       |     1 |       ||     1
  Eat: Chunk             |     3 |     7 |     6 ||    16
Armor: Leather armour    |    51 |    77 |    69 ||   197
Dodge: Dodged            |   128 |   145 |   156 ||   429
Block: Other             |    13 |    25 |    33 ||    71

Table legend:
 A = Spawn XP
 B = Non-spawn XP
 C = Spawn XP percentage of total XP
 D = Spawn monster count
 E = Non-spawn monster count
 F = Spawn count percentage of total count
 G = Total turns spent on level
                    A         B        C        D         E        F      G
               +---------+---------+-------+---------+---------+-------+---------
         Total |       0 |    1856 |   0.0 |       0 |     125 |   0.0 |  6227
               +---------+---------+-------+---------+---------+-------+---------
           D:1 |       0 |      61 |   0.0 |       0 |      33 |   0.0 |  1143
           D:2 |       0 |      45 |   0.0 |       0 |      14 |   0.0 |   983
           D:3 |       0 |      56 |   0.0 |       0 |      14 |   0.0 |   538
           D:4 |       0 |     291 |   0.0 |       0 |      23 |   0.0 |   967
           D:5 |       0 |     412 |   0.0 |       0 |      17 |   0.0 |   977
           D:6 |       0 |     703 |   0.0 |       0 |      14 |   0.0 |  1246
           D:7 |       0 |     288 |   0.0 |       0 |      10 |   0.0 |   373
               +---------+---------+-------+---------+---------+-------+---------
